 Dungeon Crawl Stone Soup version 0.32-a0-687-g804251a (webtiles) character file.

Game seed: 1323553857188725757

534 Toastz the Cudgeller (level 7, -4/41 (58) HPs)
             Began as a Mountain Dwarf Reaver on Mar 12, 2024.
             Was an Initiate of Gozag.
             Slain by a river rat (6 damage)
             ... summoned by Eustachio
             ... on level 4 of the Dungeon.
             The game lasted 00:08:33 (3463 turns).

Toastz the Cudgeller (Mountain Dwarf Reaver)        Turns: 3463, Time: 00:08:34

HP:   -4/41 (58)    AC:  6    Str: 16    XL:     7   Next: 4%
MP:   7/11          EV: 10    Int: 14    God:    Gozag
Gold: 197           SH:  5    Dex:  8    Spells: 8/11 levels left

rFire   . . .        a - +0 morningstar
rCold   . . .        (no shield)
rNeg    . . .        m - +0 ring mail
rPois   .            f - +0 helmet
rElec   .            b - scarf {shadows}
rCorr   .            (no gloves)
SInv    .            (no boots)
Will    .....        l - amulet of reflection Stlth
                     (no ring)
HPRegen 0.26/turn    (no ring)
MPRegen 0.12/turn

%: reflection
@: very heavily drained
A: runic magic, artefact enchanting
a: Renounce Religion, Potion Petition, Call Merchant, Bribe Branch


You were on level 4 of the Dungeon.
You worshipped Gozag.
Gozag was aware of your devotion.
You visited 1 branch of the dungeon, and saw 4 of its levels.

You collected 308 gold pieces.
You spent 48 gold pieces at shops.
You paid 63 gold pieces to Gozag.

Inventory:

Hand Weapons
 a - a +0 morningstar (weapon)
Missiles
 h - a throwing net
Armour
 b - a scarf of shadows (worn)
 f - a +0 helmet (worn)
 m - a +0 ring mail (worn)
Jewellery
 l - an amulet of reflection (around neck)
Scrolls
 c - 2 scrolls of fear {unknown}
 e - 4 scrolls of teleportation
 i - 2 scrolls of immolation
 j - a scroll of brand weapon
Potions
 d - 2 potions of mutation
 g - a potion of heal wounds


   Skills:
 + Level 3.8 Fighting
 * Level 6.4 Maces & Flails
 + Level 3.0 Armour
 - Level 1.3 Dodging
 + Level 2.9 Spellcasting
 + Level 3.8 Conjurations


You had 8 spell levels left.
You knew the following spells:

 Your Spells              Type           Power      Damage    Failure   Level
a - Kiss of Death         Conj/Necr      28%        2d7       11%         1
b - Momentum Strike       Conj/Tloc      14%        3d8       17%         2

Your spell library contained the following spells:

 Spells                   Type           Power      Damage    Failure   Level
 Sandblast                Erth           4%         2d4       26%         1
 Hailstorm                Conj/Ice       7%         3d5       32%         3
 Stone Arrow              Conj/Erth      14%        3d7       32%         3
 Gell's Gravitas          Tloc           2%         N/A       58%         3
 Teleport Other           Tloc           2%         N/A       58%         3
 Volatile Blastmotes      Fire/Tloc      4%         2d10      58%         3
 Brom's Barrelling Bould  Conj/Erth      7%         2d3       73%         4
 Fulminant Prism          Conj/Alch      3%         3d5       73%         4
 Iskenderun's Mystic Bla  Conj/Tloc      7%         2d4       73%         4
 Dispersal                Tloc           1%         N/A       100%        6


Dungeon Overview and Level Annotations

Branches:
Dungeon (4/15)
 Temple: D:4-7

Altars:
Gozag
Kikubaaqudgha
Sif Muna

Shops:
D:2 ?

Annotations:
D:4 Eustachio


Innate Abilities, Weirdness & Mutations

Your spellcasting is much less encumbered by armour.
You can use scrolls of enchantment on lesser artefacts.


Message History

The bat attacks as it pursues you! The bat hits you but does no damage. x2
The shadow imp gestures at you.
You struggle to resist.
The rat attacks as it pursues you! The rat bites you but does no damage.
Eustachio asks, "How can you live without manners, virtues and honour?"
The rat attacks as it pursues you! The rat bites you but does no damage.
You closely miss Eustachio.
Eustachio is almost dead.
The shadow imp hits you.
* * * LOW HITPOINT WARNING * * *
Eustachio hits you with a +0 rapier.
* * * LOW HITPOINT WARNING * * *
You barely miss Eustachio.
Eustachio is almost dead.
The shadow imp misses you.
Eustachio casts a spell.
Eustachio blinks!
You enter the shallow water.
Moving in this stuff is going to be slow.
The bat hits you but does no damage.
The river rat bites you but does no damage.
The shadow imp hits you but does no damage.
Eustachio gestures wildly while chanting.
Eustachio blinks!
The bat hits you but does no damage.
The shadow imp splashes around in the water.
The river rat bites you.
* * * LOW HITPOINT WARNING * * *
The shadow imp gestures at you.
You struggle to resist.
The bat hits you but does no damage. The rat closely misses you. x2
The river rat attacks as it pursues you!
The river rat barely misses you.
The river rat attacks as it pursues you!
The river rat completely misses you.
The shadow imp disappears in a puff of smoke!
The river rat attacks as it pursues you!
The river rat bites you.
You die...
Your body crumbles into a pile of gold.

.# .# #####.#### #.~~.♣~~.##
##~≈...~.# ##.♣....~.#
####.§.~~~##..# #.r.br~.♣~~.≈.#
#@###~~.#.~≈..# #.#~~~..≈...♣.#
#.#≈~~..~≈....# ###
#.#~≈.≈.....≈.# ..###
#.##.≈~..~~...## # #...
##.#......).....### ### #...
..#....##...........#
##.####.###.#......#.#..........#
....#.....#......................


You could see a river rat (summoned), a bat (summoned) and a rat (summoned).

Vanquished Creatures
  Sigmund (D:4)
  A black bear (D:4)
  A scorpion (D:4)
  An orc priest (D:3)
  An orc wizard (D:4)
  A gnoll (D:1)
  5 adders
  A shadow imp (D:3)
  5 dart slugs
  8 orcs
  3 endoplasms
  7 giant cockroaches
  5 hobgoblins
  4 jackals (D:1)
  10 kobolds
  4 quokkas
  9 ball pythons
  4 bats
  4 frilled lizards
  8 goblins
  6 rats
89 creatures vanquished.

Notes
Turn   | Place    | Note
-------+----------+-------------------------------------------
     0 | D:1      | Toastz the Mountain Dwarf Reaver began the quest for the
                  | Orb.
     0 | D:1      | Reached XP level 1. HP: 17/17 MP: 3/3
   139 | D:1      | Reached XP level 2. HP: 12/25 MP: 4/4
   228 | D:1      | Reached skill level 4 in Maces & Flails
   328 | D:1      | Reached XP level 3. HP: 4/30 MP: 6/6
   481 | D:1      | Reached skill level 1 in Armour
  1190 | D:2      | Reached XP level 4. HP: 37/37 MP: 7/7
  1274 | D:2      | Found Diney's Magic Scroll Boutique.
  1286 | D:2      | Bought 2 scrolls of identify for 48 gold pieces
  1725 | D:3      | Found a shimmering blue altar of Sif Muna.
  1851 | D:3      | Found a faded altar of an unknown god.
  1937 | D:3      | Found an ancient bone altar of Kikubaaqudgha.
  2020 | D:3      | Reached skill level 5 in Maces & Flails
  2026 | D:3      | Learned a level 2 spell: Momentum Strike
  2406 | D:3      | Reached XP level 5. HP: 34/44 MP: 8/8
  2702 | D:4      | Found an opulent altar of Gozag.
  2711 | D:4      | Became a worshipper of Gozag Ym Sagoz the Greedy
  2875 | D:4      | Reached XP level 6. HP: 23/51 MP: 9/9
  3028 | D:4      | Noticed Sigmund
  3063 | D:4      | Killed Sigmund
  3064 | D:4      | Reached skill level 6 in Maces & Flails
  3064 | D:4      | Reached XP level 7. HP: 28/58 MP: 6/11
  3392 | D:4      | Noticed Eustachio
  3459 | D:4      | HP: 1/41 [river rat[Eustachio] (4)]
  3463 | D:4      | Slain by a river rat

Illustrated notes

Levels and vault maps discovered:
D:1:      dpeg_arrival_snail, layout_basic, minmay_octomino_e4
D:2:      layout_rooms, serial_shops, shop, serial_bayou_pond_b
D:3:      layout_loops_corners, kiku_gazebo_garden_becter,
          nicolae_sif_muna_condensation, nicolae_ecumenical_oubliette
D:4:      layout_cave_pools, nicolae_overflow_guarded_unrand_okawaru_victory,
          nicolae_gozag_cash_rules_everything_around_me, serial_rivers,
          chequers_serial_rivers_marsh, chequers_serial_rivers_small_3,
          chequers_serial_rivers_micro_a, chequers_serial_rivers_micro_e,
          serial_library_hellmonk_junction, uniq_eustachio, uniq_sigmund

Skill      XL: |  1  2  3  4  5  6 |
---------------+-------------------+-----
Maces & Flails | 4 5 6 |  6.4
Spellcasting   | 2 |  2.9
Armour         | 1 2 3 |  3.0
Conjurations   | 3 |  3.8
Fighting       | 3 |  3.8
Dodging        | |  1.3

Action                     |  1- 3 |  4- 6 |  7- 9 || total
---------------------------+-------+-------+-------++-------
  Melee: Mace              |    71 |       |       ||    71
         Flail             |    72 |   131 |       ||   203
         Morningstar       |       |    51 |    51 ||   102
   Cast: Kiss of Death     |     1 |     1 |     2 ||     4
         Momentum Strike   |       |     1 |     4 ||     5
    Use: Scroll            |       |     7 |       ||     7
         Potion            |       |     3 |       ||     3
 Armour: Leather armour    |   136 |   103 |       ||   239
         Ring mail         |       |    81 |    87 ||   168
  Dodge: Dodged            |   134 |   126 |    51 ||   311
  Block: Other             |       |    33 |    21 ||    54
         Reflection        |       |     2 |       ||     2

Table legend: (Time is in decaauts)
 A = Elapsed time spent in this place.
 B = Non-inter-level travel time spent in this place.
 C = Inter-level travel time spent in this place.
 D = Time resting spent in this place.
 E = Time spent auto-exploring this place.
 F = Levels seen in this place.
 G = Mean time per level.
                   A        B        C        D        E       F      G
               +--------+--------+--------+--------+--------+-----+--------+
         Total |   3538 |   3506 |     32 |    554 |   2066 |   4 |  884.5 |
       Dungeon |   3538 |   3506 |     32 |    554 |   2066 |   4 |  884.5 |
               +--------+--------+--------+--------+--------+-----+--------+

Top non-repeatable levels by time:
     D:3: 1238 daAuts
     D:1: 911 daAuts
     D:4: 842 daAuts
     D:2: 545 daAuts
